 Dungeon Crawl Stone Soup version 0.29-a0-321-gf1c400731a (webtiles) character file.

Game seed: 1730683609955608040

37 hellse the Sneak (level 3, -2/29 HPs)
             Began as a Demonspawn Delver on Apr 3, 2022.
             Slain by an orc wizard
             ... wielding a +0 dagger
              (4 damage)
             ... on level 5 of the Dungeon.
             The game lasted 00:00:54 (273 turns).

hellse the Sneak (Demonspawn Delver)                 Turns: 273, Time: 00:00:55

Health: -2/29      AC:  4    Str: 12    XL:     3   Next: 23%
Magic:  3/3        EV: 12    Int: 11    God:
Gold:   0          SH:  0    Dex: 16    Spells: 2/2 levels left

rFire   . . .      SeeInvis .   i - +0 longbow
rCold   . . .      Faith    .   (shield currently unavailable)
rNeg    . . .      Spirit   .   b - +0 leather armour
rPois   .          Reflect  .   (no helmet)
rElec   .          Harm     .   d - +0 cloak
rCorr   .          Rampage  .   (no gloves)
Will    .....                   (no boots)
Stlth   +.........              (no amulet)
HPRegen 0.09/turn               (no ring)
MPRegen 0.08/turn               (no ring)

@: confused
A: hooves 2
a: no special abilities


You were on level 5 of the Dungeon.
You visited 1 branch of the dungeon, and saw 2 of its levels.

Inventory:

Hand Weapons
 a - a +0 hand axe
 i - a +0 longbow (weapon)
Armour
 b - a +0 leather armour (worn)
 d - a +0 cloak (worn)
Wands
 g - a wand of digging (3)
Scrolls
 c - a scroll of fog
 e - a scroll of fear
 h - a scroll of teleportation {unknown}
Potions
 f - a potion of haste


   Skills:
 - Level 3.3 Fighting
 - Level 2.2 Axes
 + Level 0.6 Bows
 - Level 2.2 Dodging
 - Level 4.7 Stealth


You had 2 spell levels left.
You didn't know any spells.
Your spell library was empty.

Dungeon Overview and Level Annotations

Branches:
Dungeon (5/15)
 Temple: D:4-7

Altars:


Innate Abilities, Weirdness & Mutations

You have hoof-like feet.


Message History

An orc wizard comes into view. It is wielding a +0 dagger.
You shoot an arrow.
The arrow closely misses the orc wizard.
The orc shouts!
The orc wizard shouts!
The orc wizard casts a spell at you. The magic dart hits you.
The orc wizard gestures wildly while chanting.
The orc wizard flickers and vanishes!
Deactivating autopickup; reactivate with Ctrl-A.
An orc comes into view. It is wielding a +0 whip.
Shoot: i) +0 longbow
Press: ? - help, Q - select action Shift-Dir - straight line You shoot an arrow.
The arrow closely misses the orc.
The arrow hits the orc!
You kill the orc!
An orc comes into view. It is wielding a +0 hand axe.
A puff of flame appears from out of thin air!
The puff of flame hits you!
You hear some strange, mumbled words.
You are confused.
Non-targeted confused shoot: i) +0 longbow
Press: ? - help, Q - select action Dir - look around, f - activate
Okay, then.
Okay, then.
Okay, then.
The orc wizard gestures wildly while chanting.
The orc wizard flickers and vanishes!
You are more confused.
A magic dart appears from out of thin air!
The magic dart hits you.
You're too confused to move!
A puff of flame appears from out of thin air!
The puff of flame hits you!
* * * LOW HITPOINT WARNING * * *
You hear some strange, mumbled words.
A puff of flame appears from out of thin air!
The puff of flame misses you.
You hear some strange, mumbled words.
You are more confused.
Something hits you.
You die...

*,,,,,,,*.......#*...!...**,,,,,*
,,,,,,,,,..[.....#.....#,,,,,,,,*
,,,,,,,,*#......#......##,,,,,,,,
,,,,,,,**,......#..<.....,,,,,,,,
,,,,*,,,,,,,#............,*,**,,,
,,,**,,,,*###...)<.......,*,,,,**
,,,**,,,,*#....).........,,,,,**
*,,***,..###.........####,,,,,*
*****...........@.....#,,,,****
**,,,)....##.#......###**,,*
**,.!....,*#*#..o...# ****
*,.#......,###..#####
*,........##.#...####
,,.....o.o..........#
,,.....).##.##......#
,,....$.....<.......#
,,..........#.......#


You could see an orc.

Vanquished Creatures
  A hound (D:4)
  3 orcs (D:5)
  A ball python (D:4)
5 creatures vanquished.

Notes
Turn   | Place    | Note
-------+----------+-------------------------------------------
     0 | D:5      | hellse the Demonspawn Delver began the quest for the Orb.
     0 | D:5      | Reached XP level 1. HP: 18/18 MP: 1/1
     4 | D:5      | Noticed an orc priest
    75 | D:4      | Noticed a hound
    82 | D:4      | Killed a hound
    83 | D:4      | Gained mutation: You have large cloven feet. [demonic
                  | ancestry]
    83 | D:4      | Reached XP level 2. HP: 20/24 MP: 2/2
    83 | D:4      | Gained mutation: You have hoof-like feet. [demonic
                  | ancestry]
    83 | D:4      | Reached XP level 3. HP: 24/29 MP: 3/3
   268 | D:5      | HP: 1/29 [something/puff of flame (8)]
   273 | D:5      | Slain by an orc wizard

Illustrated notes

Levels and vault maps discovered:
D:4:      layout_basic, minmay_unequal
D:5:      layout_cave_pools

Skill      XL: |  1 |
---------------+----+-----
Axes           | 2 |  2.2
Dodging        | 2 |  2.2
Fighting       | |  3.3
Bows           | |  0.6
Stealth        | |  4.7

Action                   || total
-------------------------++-------
 Fire: Longbow           ||    14
  Use: Scroll            ||     2
Armor: Leather armour    ||     1
Dodge: Dodged            ||     5

Table legend: (Time is in decaauts)
 A = Elapsed time spent in this place.
 B = Non-inter-level travel time spent in this place.
 C = Inter-level travel time spent in this place.
 D = Time resting spent in this place.
 E = Time spent auto-exploring this place.
 F = Levels seen in this place.
 G = Mean time per level.
                   A        B        C        D        E       F      G
               +--------+--------+--------+--------+--------+-----+--------+
         Total |    284 |    216 |     68 |      3 |    139 |   2 |  142.0 |
       Dungeon |    284 |    216 |     68 |      3 |    139 |   2 |  142.0 |
               +--------+--------+--------+--------+--------+-----+--------+

Top non-repeatable levels by time:
     D:4: 238 daAuts
     D:5: 46 daAuts
